 Dungeon Crawl Stone Soup version 0.22-a0-422-g9628fc8 (webtiles) character file.

63 Falco the Conjurer (level 3, -6/27 HPs)
             Began as a Draconian Conjurer on May 20, 2018.
             Killed by divine providence
             ... invoked by an orc priest
              (14 damage)
             ... on level 2 of the Dungeon.
             The game lasted 00:11:11 (1733 turns).

Falco the Conjurer (Draconian Conjurer)             Turns: 1733, Time: 00:11:12

Health: -6/27      AC:  5    Str: 10    XL:     3   Next: 87%
Magic:  3/6        EV: 12    Int: 16    God:
Gold:   28         SH:  0    Dex: 11    Spells: 0/6 levels left

rFire    . . .     SeeInvis .   (no weapon)
rCold    . . .     Gourm    .   (no shield)
rNeg     . . .     Faith    .   (armour unavailable)
rPois    .         Spirit   .   (helmet restricted)
rElec    .         Reflect  .   (no cloak)
rCorr    .         Harm     .   (no gloves)
MR       .....                  (no boots)
Stlth    ++........             (no amulet)
HPRegen  0.09/turn              (no ring)
MPRegen  0.10/turn              (no ring)

@: no status effects
A: unfitting armour, cold-blooded, AC +5
a: no special abilities


You were on level 2 of the Dungeon.
You were hungry.

You visited 1 branch of the dungeon, and saw 2 of its levels.

You collected 28 gold pieces.

Inventory:

Scrolls
 c - a scroll of enchant weapon
 e - a scroll of enchant armour {unknown}
 g - a scroll of blinking {unknown}
Potions
 a - 2 potions of heal wounds {unknown}
 f - a potion of flight {unknown}
 h - a potion of lignification {unknown}
Comestibles
 b - 3 rations


   Skills:
 + Level 0.6 Fighting
 + Level 2.1 Dodging
 + Level 1.9 Stealth
 + Level 2.3 Spellcasting
 + Level 5.0 Conjurations


You couldn't memorise any spells.
You knew the following spells:

 Your Spells              Type           Power        Failure   Level  Hunger
a - Magic Dart            Conj           ###.         2%          1    #......
b - Searing Ray           Conj           ###...       3%          2    ###....
c - Dazzling Spray        Conj/Hex       #.....       22%         3    ###....

Your spell library contained the following spells:

 Spells                   Type           Power        Failure   Level  Hunger
 Iskenderun's Mystic Bla  Conj           ###.....     26%         4    #####..
 Fulminant Prism          Conj/Hex       #.........   56%         4    #####..
 Force Lance              Conj/Tloc      #.......     56%         4    #####..


Dungeon Overview and Level Annotations

Branches:
Dungeon (2/15)

Altars:
Elyvilon


Innate Abilities, Weirdness & Mutations

Your plain brown scales are hard. (AC +5)
You cannot fit into any form of body armour.
You are cold-blooded and may be slowed by cold attacks.


Message History

You assume a fearsome visage.
The ball python looks frightened!
The worm looks frightened!
The orc priest looks frightened!
The ball python loses its grip on you.
Cornered, the ball python turns to fight!
Cornered, the orc priest turns to fight!
The ball python closely misses you. The ball python misses you.
The orc wizard gestures wildly while chanting.
The orc wizard blinks!
The ball python closely misses you. The ball python grabs you.
The ball python constricts you.
You escape the ball python's grasp.
Your magical contamination has completely faded away.
The orc wizard gestures wildly while chanting.
The orc wizard blinks!
Okay, then.
The ball python closely misses you. The ball python barely misses you.
The orc priest mumbles some strange prayers to Beogh against you.
Beogh smites you!
Ouch! That really hurt!
You die...

#......o...# ..###.#..#
#[###....o..ยง..# #.#..#
..........##.## #....#
##....o.#..o# .## ##...#
.#.#####......#.8.#
.....###...#
.......'......#oo.#
............
.....###......##.##
..#..####..# .....
#.......#S# #........#
.....'..#####.##@##
##.####... .....##.
...###...###...#........
...w. #.
.8....._.....8..........
..... ##
...###...###...######.##
..... # ##.## # #.## #.#
#)## ##.## #)## #...#
#.## #.8.# #...


You could see an orc priest, an orc wizard, an orc and a ball python.

Vanquished Creatures
  2 adders (D:2)
  A worm (D:2)
  A dart slug (D:1)
  A leopard gecko (D:1)
  3 goblins
  9 hobgoblins
  6 kobolds
  A quokka (D:2)
  A ball python (D:2)
  3 bats (D:1)
  3 frilled lizards (D:1)
  9 rats
40 creatures vanquished.

Notes
Turn   | Place    | Note
-------+----------+-------------------------------------------
     0 | D:1      | Falco the Draconian Conjurer began the quest for the Orb.
     0 | D:1      | Reached XP level 1. HP: 14/14 MP: 3/3
   383 | D:1      | Reached XP level 2. HP: 14/20 MP: 0/5
   474 | D:1      | Learned a level 2 spell: Searing Ray
  1014 | D:1      | Reached XP level 3. HP: 25/26 MP: 0/6
  1384 | D:2      | Reached skill level 5 in Conjurations
  1571 | D:2      | Found a white marble altar of Elyvilon.
  1706 | D:2      | Learned a level 3 spell: Dazzling Spray
  1733 | D:2      | Killed from afar by an orc priest

Vault maps used:
D:1:      ncdulo_smallfort, minivault_19, minmay_pentomino_s4
D:2:      elyvilon_altar_1, first_ration, lightli_corner_chamber

Skill      XL: |  1  2  3 |
---------------+----------+-----
Dodging        | 2 |  2.1
Conjurations   | 5 |  5.0
Fighting       | |  0.6
Stealth        | |  1.9
Spellcasting   | |  2.3

Action                   || total
-------------------------++-------
Melee: Unarmed           ||    48
       Tailslap          ||     3
 Cast: Magic Dart        ||    68
       Searing Ray       ||     4
  Use: Scroll            ||     3
 Stab: Sleeping          ||     1
  Eat: Ration            ||     1
Armor: Skin              ||    15
Dodge: Dodged            ||    48

Table legend:
 A = Spawn XP
 B = Non-spawn XP
 C = Spawn XP percentage of total XP
 D = Spawn monster count
 E = Non-spawn monster count
 F = Spawn count percentage of total count
 G = Total turns spent on level
                    A         B        C        D         E        F      G
               +---------+---------+-------+---------+---------+-------+---------
         Total |       0 |      90 |   0.0 |       0 |      40 |   0.0 |  1733
               +---------+---------+-------+---------+---------+-------+---------
           D:1 |       0 |      43 |   0.0 |       0 |      28 |   0.0 |  1134
           D:2 |       0 |      47 |   0.0 |       0 |      12 |   0.0 |   599
               +---------+---------+-------+---------+---------+-------+---------
